 Dungeon Crawl Stone Soup version 0.28-a0-199-g298df9dbad (webtiles) character file.

Game seed: 18039952269976398041

8 Whiskey the Skirmisher (level 2, 22/24 HPs)
             Began as a Demonspawn Fighter on Aug 19, 2021.
             Quit the game on level 1 of the Dungeon.
             The game lasted 00:00:47 (85 turns).

Whiskey the Skirmisher (Demonspawn Fighter)           Turns: 85, Time: 00:00:47

Health: 22/24      AC:  6    Str: 16    XL:     2   Next: 0%
Magic:  2/2        EV:  6    Int:  9    God:
Gold:   17         SH:  8    Dex: 12    Spells: 1/1 levels left

rFire   . . .      SeeInvis .   a - +0 war axe
rCold   . . .      Faith    .   c - +0 kite shield
rNeg    . . .      Spirit   .   b - +0 scale mail
rPois   .          Reflect  .   (no helmet)
rElec   .          Harm     .   (no cloak)
rCorr   .          Rampage  .   (no gloves)
Will    .....                   (no boots)
Stlth   ..........              (no amulet)
HPRegen 0.08/turn               (no ring)
MPRegen 0.08/turn               (no ring)

@: no status effects
A: demonic guardian 1
a: no special abilities


You were on level 1 of the Dungeon.
You visited 1 branch of the dungeon, and saw 1 of its levels.

You collected 17 gold pieces.

Inventory:

Hand Weapons
 a - a +0 war axe (weapon)
Armour
 b - a +0 scale mail (worn)
 c - a +0 kite shield (worn)
Potions
 d - a potion of might


   Skills:
 + Level 3.1 Fighting
 + Level 2.0 Axes
 + Level 2.8 Armour
 + Level 2.8 Shields


You had one spell level left.
You didn't know any spells.
Your spell library was empty.

Dungeon Overview and Level Annotations

Branches:
Dungeon (1/15)

Altars:


Innate Abilities, Weirdness & Mutations

A weak demonic guardian rushes to your aid.


Message History

It is said that the Orb of Zot exists deep within this dungeon.
Found 17 gold pieces.
Found a staircase leading out of the dungeon.
You now have 17 gold pieces.
An endoplasm comes into view.
The endoplasm quivers.
A frilled lizard comes into view.
The frilled lizard unfolds its giant frill.
A frilled lizard comes into view.
The frilled lizard hisses angrily.
You slash the endoplasm!
You kill the endoplasm!
A bat comes into view.
You barely miss the frilled lizard. You block the frilled lizard's attack.
The frilled lizard bites you.
Your shield and scale mail prevent you from hitting the frilled lizard.
The frilled lizard barely misses you.
The frilled lizard bites you but does no damage.
You take 1 damage, and have 17/18 hp.
You slash the frilled lizard!
You kill the frilled lizard!
The bat hits you but does no damage. You block the bat's attack.
The bat hits you but does no damage. The bat barely misses you.
You barely miss the bat. You block the bat's attack.
The bat hits you but does no damage. x2
You slash the bat!
You kill the bat!
Your shield prevents you from hitting the frilled lizard.
The frilled lizard bites you but does no damage.
The frilled lizard completely misses you.
You closely miss the frilled lizard. The frilled lizard closely misses you.
You block the frilled lizard's attack.
You hit the frilled lizard.
You kill the frilled lizard!
No target in view!
No target in view!
No target in view!
No target in view!
No target in view!
No target in view!
No target in view!
No target in view!
No target in view!
No target in view!
No target in view!
No target in view!
No target in view!
No target in view!
No target in view!
No target in view!
No target in view!
You see here a bat corpse.
An endoplasm comes into view.
Health restored: 18 The endoplasm freezes you.
You are frozen.
You take 3 damage, and have 15/18 hp.
You slash the endoplasm!
You kill the endoplasm!
No target in view!
No target in view!
No target in view!
No target in view!
No target in view!
No target in view!
No target in view!
No target in view!
No target in view!
No target in view!
No target in view!
A kobold comes into view. It is wielding a +0 whip.
The kobold shouts!
A bat comes into view.
The kobold throws a stone.
The stone closely misses you.
The bat moves out of view.
Health restored: 18 A kobold comes into view.
It is wielding a +0 short sword.
The kobold shouts!
The kobold moves out of view.
The bat hits you but does no damage. The bat closely misses you.
You hit the kobold.
You kill the kobold!
You block the bat's attack. x2
The kobold hits you with a +0 short sword.
You take 2 damage, and have 16/18 hp.
You slash the kobold!
You kill the kobold!
The bat closely misses you.
Your Axes skill increases to level 2!
You closely miss the bat. The bat barely misses you.
You block the bat's attack.
You slash the bat!
You kill the bat!
You have reached level 2!
Your demonic ancestry asserts itself...
You feel the presence of a demonic guardian.
You regained 6 hp, and now have 22/24 hp.
MP restored: 2 No target in view!

.######..##.####.#
#..##.# ###..##.#
.... #†#
##.###.####.#
#...........#
#..###.######
#.†###.###
#.@.......
.......)....#.#
######.#.####.# #.
.# # .. .. #.. .#.
... .## #... ##


There were no monsters in sight!

Vanquished Creatures
  2 bats (D:1)
  2 endoplasms (D:1)
  2 kobolds (D:1)
  2 frilled lizards (D:1)
8 creatures vanquished.

Notes
Turn   | Place    | Note
-------+----------+-------------------------------------------
     0 | D:1      | Whiskey the Demonspawn Fighter began the quest for the Orb.
     0 | D:1      | Reached XP level 1. HP: 18/18 MP: 1/1
    83 | D:1      | Reached skill level 2 in Axes
    85 | D:1      | Gained mutation: A weak demonic guardian rushes to your
                  | aid. [demonic ancestry]
    85 | D:1      | Reached XP level 2. HP: 22/24 MP: 2/2
    85 | D:1      | Quit the game

Illustrated notes

Levels and vault maps discovered:
D:1:      scummos_arrival_simple_crosswalls, layout_loops_ring,
          basic_ecumenical_altar

Skill      XL: |  1 |
---------------+----+-----
Axes           | 2 |  2.0
Fighting       | |  3.1
Armour         | |  2.8
Shields        | |  2.8

Action                   || total
-------------------------++-------
Melee: War axe           ||    14
Armor: Scale mail        ||     7
Dodge: Dodged            ||     8
Block: Kite shield       ||     7

Table legend: (Time is in decaauts)
 A = Elapsed time spent in this place.
 B = Non-inter-level travel time spent in this place.
 C = Inter-level travel time spent in this place.
 D = Time resting spent in this place.
 E = Time spent auto-exploring this place.
 F = Levels seen in this place.
 G = Mean time per level.
                   A        B        C        D        E       F      G
               +--------+--------+--------+--------+--------+-----+--------+
         Total |     94 |     94 |      0 |      0 |     60 |   1 |   94.0 |
       Dungeon |     94 |     94 |      0 |      0 |     60 |   1 |   94.0 |
               +--------+--------+--------+--------+--------+-----+--------+

Top non-repeatable levels by time:
     D:1: 94 daAuts

Table legend:
 A = Kills in this place as a percentage of kills in entire the game.
 B = Kills by you in this place as a percentage of kills by you in the entire game.
 C = Kills by friends in this place as a percentage of kills by friends in the entire game.
 D = Other kills in this place as a percentage of other kills in the entire game.
 E = Experience gained in this place as a percentage of experience gained in the entire game.
 F = Experience gained in this place divided by the number of levels of this place that you have seen.
                   A       B       C       D       E      F
               +-------+-------+-------+-------+-------+----------------------
         Total | 100.0 | 100.0 |   N/A |   N/A | 100.0 |  12.0
       Dungeon | 100.0 | 100.0 |   N/A |   N/A | 100.0 |  12.0
               +-------+-------+-------+-------+-------+----------------------
